PAAA
BALTIMORE BLACK SOX @ SANTA BARBARA GOLDEN CRANES
06/22/2034
 
TOP OF THE 1ST
Baltimore Black Sox batting - Pitching for Santa Barbara Golden Cranes : RHP Santiago López
Pitching: RHP Santiago López
Batting: RHB Fernando Martínez 0-0: Called Strike
0-1: Ball
1-1: Called Strike
1-2: Strikes out swinging
Batting: RHB Lee Storment 0-0: Fly out, F8 (Flyball, 8LD)
Batting: RHB Daniel Bertrand 0-0: Foul Ball, location: 2F
0-1: Foul Ball, location: 2F
0-2: Ball
1-2: Fly out, F8 (Flyball, 8RS)
Top of the 1st over - 0 runs, 0 hits, 0 errors, 0 left on base; Baltimore 0 - Santa Barbara 0
BOTTOM OF THE 1ST
Santa Barbara Golden Cranes batting - Pitching for Baltimore Black Sox : RHP Bartolo Ruíz
Pitching: RHP Bartolo Ruíz
Batting: LHB Tom Haymon 0-0: Ball
1-0: Ball
2-0: Called Strike
2-1: Swinging Strike
2-2: Ball
3-2: SOLO HOME RUN (Flyball, 9LD), Distance : 355 ft
Batting: LHB Su-wu Xiao 0-0: DOUBLE (Line Drive, 89D)
Batting: RHB James Pike 0-0: SINGLE (Flyball, 78S)
Su-wu Xiao to third
Batting: LHB Jin-song Seah 0-0: Ball
Wild Pitch!
Su-wu Xiao scores
James Pike to second
1-0: Called Strike
James Pike steals 3rd base
1-1: Foul Ball, location: 2F
1-2: Ball
2-2: Foul Ball, location: 2F
2-2: Foul Ball, location: 2F
2-2: Foul Ball, location: 2F
2-2: Ground out 5-3 (Groundball, 5L)
Batting: RHB Gilbert Graham 0-0: Called Strike
0-1: 2-RUN HOME RUN (Line Drive, 78XD), Distance : 419 ft
Batting: RHB Gerardo Vázquez 0-0: Called Strike
0-1: Foul Ball, location: 2F
0-2: Fly out, F8 (Flyball, 8RD)
Batting: RHB Logan Manning 0-0: Foul Ball, location: 2F
0-1: Ball
1-1: Called Strike
1-2: Ball
2-2: SINGLE (Line Drive, 7LM)
Batting: RHB Rocky Zolman 0-0: Ball
1-0: Foul Ball, location: 2F
1-1: Fielders Choice at 2nd, 6-4 (Groundball, 6)
Bottom of the 1st over - 4 runs, 5 hits, 0 errors, 1 left on base; Baltimore 0 - Santa Barbara 4
TOP OF THE 2ND
Baltimore Black Sox batting - Pitching for Santa Barbara Golden Cranes : RHP Santiago López
Batting: RHB Armando Alvarado 0-0: Called Strike
0-1: Called Strike
0-2: Fly out, F8 (Flyball, 78M)
Batting: RHB Jeb Sexton 0-0: Called Strike
0-1: Ball
1-1: DOUBLE (Groundball, 5L)
Batting: LHB Marcos Costa 0-0: Ball
1-0: Ground out 5-3 (Groundball, 5)
Batting: SHB Alex Mable 0-0: DOUBLE (Flyball, 9LD)
Jeb Sexton scores
Batting: LHB Tomás Valenzuela 0-0: Called Strike
0-1: Ball
1-1: Ball
2-1: Ball
3-1: Base on Balls
Batting: RHB Edward Payne 0-0: Ball
1-0: Called Strike
1-1: Foul Ball, location: 2F
1-2: Fly out, F3 (Popup, 3)
Top of the 2nd over - 1 run, 2 hits, 0 errors, 2 left on base; Baltimore 1 - Santa Barbara 4
BOTTOM OF THE 2ND
Santa Barbara Golden Cranes batting - Pitching for Baltimore Black Sox : RHP Bartolo Ruíz
Batting: RHB Freedon Akinmoladun 0-0: Called Strike
0-1: Ball
1-1: Ball
2-1: Ground out 3-1 (Groundball, 34S)
Batting: LHB Tom Haymon 0-0: Foul Ball, location: 2F
0-1: Ball
1-1: Ball
2-1: Ball
3-1: Base on Balls
Batting: LHB Su-wu Xiao 0-0: Ball
Tom Haymon is caught stealing 2nd base
1-0: Called Strike
1-1: Foul Ball, location: 2F
1-2: SINGLE (Popup, 4D)
Batting: RHB James Pike 0-0: Ball
Su-wu Xiao is caught stealing 2nd base
Bottom of the 2nd over - 0 runs, 1 hit, 0 errors, 0 left on base; Baltimore 1 - Santa Barbara 4
TOP OF THE 3RD
Baltimore Black Sox batting - Pitching for Santa Barbara Golden Cranes : RHP Santiago López
Batting: RHB Fernando Martínez 0-0: Ball
1-0: Called Strike
1-1: Foul Ball, location: 2F
1-2: Foul Ball, location: 2F
1-2: Ball
2-2: Foul Ball, location: 2F
2-2: Ball
3-2: Ground out 6-3 (Groundball, 6)
Batting: RHB Lee Storment 0-0: Ball
1-0: Ball
2-0: Called Strike
2-1: Called Strike
2-2: SINGLE (Groundball, 3S) (infield hit)
Batting: RHB Daniel Bertrand 0-0: Ball
1-0: Ground out 5-3 (Groundball, 5S)
Lee Storment to second
Batting: RHB Armando Alvarado 0-0: Called Strike
0-1: Ball
1-1: Foul Ball, location: 2F
1-2: Foul Ball, location: 2F
1-2: Fly out, F9 (Line Drive, 89M)
Top of the 3rd over - 0 runs, 1 hit, 0 errors, 1 left on base; Baltimore 1 - Santa Barbara 4
BOTTOM OF THE 3RD
Santa Barbara Golden Cranes batting - Pitching for Baltimore Black Sox : RHP Bartolo Ruíz
Batting: RHB James Pike 0-0: Ball
1-0: Ball
2-0: Foul Ball, location: 2F
2-1: Fly out, F9 (Flyball, 9LSF)
Batting: LHB Jin-song Seah 0-0: Ball
1-0: Foul Ball, location: 2F
1-1: Foul Ball, location: 2F
1-2: Ball
2-2: SINGLE (Flyball, 89M)
Batting: RHB Gilbert Graham 0-0: Fly out, F7 (Line Drive, 7D)
Batting: RHB Gerardo Vázquez 0-0: Ball
1-0: Called Strike
1-1: Ball
2-1: Ball
3-1: Foul Ball, location: 2F
3-2: Strikes out swinging
Bottom of the 3rd over - 0 runs, 1 hit, 0 errors, 1 left on base; Baltimore 1 - Santa Barbara 4
TOP OF THE 4TH
Baltimore Black Sox batting - Pitching for Santa Barbara Golden Cranes : RHP Santiago López
Batting: RHB Jeb Sexton 0-0: Ground out 6-3 (Groundball, 6)
Batting: LHB Marcos Costa 0-0: Called Strike
0-1: Ball
1-1: Ground out 3-1 (Groundball, 34S)
Batting: SHB Alex Mable 0-0: Ball
1-0: Ball
2-0: Ground out 4-3 (Groundball, 4)
Top of the 4th over - 0 runs, 0 hits, 0 errors, 0 left on base; Baltimore 1 - Santa Barbara 4
BOTTOM OF THE 4TH
Santa Barbara Golden Cranes batting - Pitching for Baltimore Black Sox : RHP Bartolo Ruíz
Batting: RHB Logan Manning 0-0: Called Strike
0-1: Ball
1-1: Called Strike
1-2: Ground out 6-3 (Groundball, 6)
Batting: RHB Rocky Zolman 0-0: Ball
1-0: Called Strike
1-1: Fly out, F9 (Flyball, 89D)
Batting: RHB Freedon Akinmoladun 0-0: SINGLE (Flyball, 7S)
Batting: LHB Tom Haymon 0-0: Ball
1-0: Ball
2-0: DOUBLE (Line Drive, 7LS)
Freedon Akinmoladun to third
Batting: LHB Su-wu Xiao 0-0: Called Strike
0-1: SINGLE (Groundball, 56D)
Freedon Akinmoladun scores
Tom Haymon to third
Runner from 3rd tries for Home, SAFE, no throw
Pitching: RHP Alberto Mendoza
Batting: RHB James Pike 0-0: Called Strike
Error on foul ball, E9
0-2: Ball
1-2: Ball
2-2: SINGLE (Flyball, 78S)
Su-wu Xiao to second
Su-wu Xiao to third
Batting: LHB Jin-song Seah 0-0: SINGLE (Groundball, 34D)
Su-wu Xiao scores
James Pike to second
Runner from 2nd tries for 3rd, SAFE, no throw
Batting: RHB Gilbert Graham 0-0: Foul Ball, location: 2F
0-1: Ball
1-1: Foul Ball, location: 2F
1-2: SINGLE (Line Drive, 7S)
James Pike scores
Jin-song Seah to second
Runner from 2nd tries for 3rd, OUT!
Bottom of the 4th over - 4 runs, 6 hits, 1 error, 1 left on base; Baltimore 1 - Santa Barbara 8
TOP OF THE 5TH
Baltimore Black Sox batting - Pitching for Santa Barbara Golden Cranes : RHP Santiago López
Batting: LHB Tomás Valenzuela 0-0: Called Strike
0-1: Called Strike
0-2: Strikes out looking
Batting: RHB Edward Payne 0-0: Ball
1-0: Ground out 4-3 (Groundball, 34D)
Batting: RHB Fernando Martínez 0-0: Foul Ball, location: 2F
0-1: Ball
1-1: Called Strike
1-2: Foul Ball, location: 2F
1-2: Strikes out swinging
Top of the 5th over - 0 runs, 0 hits, 0 errors, 0 left on base; Baltimore 1 - Santa Barbara 8
BOTTOM OF THE 5TH
Santa Barbara Golden Cranes batting - Pitching for Baltimore Black Sox : RHP Alberto Mendoza
Batting: RHB Gerardo Vázquez 0-0: Called Strike
0-1: Ball
1-1: Ball
2-1: Called Strike
2-2: Foul Ball, location: 2F
2-2: Ball
3-2: Fly out, F8 (Flyball, 8RM)
Batting: RHB Logan Manning 0-0: Swinging Strike
0-1: Foul Ball, location: 2F
0-2: Ball
1-2: Ball
2-2: Ball
3-2: Strikes out swinging
Batting: RHB Rocky Zolman 0-0: Ball
1-0: Called Strike
1-1: Fly out, F9 (Flyball, 9LM)
Bottom of the 5th over - 0 runs, 0 hits, 0 errors, 0 left on base; Baltimore 1 - Santa Barbara 8
TOP OF THE 6TH
Baltimore Black Sox batting - Pitching for Santa Barbara Golden Cranes : RHP Santiago López
Batting: RHB Lee Storment 0-0: Ball
1-0: Ball
2-0: Ball
3-0: Called Strike
3-1: Foul Ball, location: 2F
3-2: Base on Balls
Batting: RHB Daniel Bertrand 0-0: Ball
1-0: Called Strike
1-1: Ball
2-1: Foul Ball, location: 2F
2-2: Ball
3-2: Grounds into double play, 4-6-3 (Groundball, 34)
Batting: RHB Armando Alvarado 0-0: SINGLE (Line Drive, 9LM)
Batting: RHB Jeb Sexton 0-0: Ball
1-0: SINGLE (Flyball, 9LS)
Armando Alvarado to second
Runner from 2nd tries for 3rd, SAFE, no throw
Batting: LHB Marcos Costa 0-0: Ground out 4-3 (Groundball, 34D)
Top of the 6th over - 0 runs, 2 hits, 0 errors, 2 left on base; Baltimore 1 - Santa Barbara 8
BOTTOM OF THE 6TH
Santa Barbara Golden Cranes batting - Pitching for Baltimore Black Sox : RHP Alberto Mendoza
Batting: RHB Freedon Akinmoladun 0-0: Ball
1-0: Called Strike
1-1: Ball
2-1: SINGLE (Line Drive, 8RS)
Batting: LHB Tom Haymon 0-0: Ball
1-0: Ball
2-0: Ball
3-0: Called Strike
3-1: SINGLE (Line Drive, 34D)
Freedon Akinmoladun to second
Batting: LHB Su-wu Xiao 0-0: Ball
1-0: Swinging Strike
1-1: Grounds into double play, 5-4-3 (Groundball, 56)
Freedon Akinmoladun to third
Batting: RHB James Pike 0-0: Foul Ball, location: 2F
0-1: Foul Ball, location: 2F
0-2: SINGLE (Groundball, 6MD)
Freedon Akinmoladun scores
Batting: LHB Jin-song Seah 0-0: Ball
1-0: Called Strike
1-1: Fly out, F8 (Flyball, 78M)
Bottom of the 6th over - 1 run, 3 hits, 0 errors, 1 left on base; Baltimore 1 - Santa Barbara 9
TOP OF THE 7TH
Baltimore Black Sox batting - Pitching for Santa Barbara Golden Cranes : RHP Santiago López
Batting: SHB Alex Mable 0-0: Ground out 6-3 (Groundball, 6)
Batting: LHB Tomás Valenzuela 0-0: Called Strike
0-1: Ball
1-1: Ball
2-1: Called Strike
2-2: Ball
3-2: Base on Balls
Batting: RHB Edward Payne 0-0: Ball
Pickoff Throw to First - Error! E1
Tomás Valenzuela to second
1-0: Swinging Strike
1-1: Ball
2-1: Ball
3-1: Ground out 4-3 (Groundball, 4)
Tomás Valenzuela to third
Pitching: RHP Doug Green
Batting: RHB Fernando Martínez 0-0: Called Strike
0-1: Ball
1-1: Ball
2-1: Swinging Strike
2-2: Foul Ball, location: 2F
2-2: SINGLE (Groundball, 56D)
Tomás Valenzuela scores
Batting: RHB Lee Storment Pickoff Throw to First - Out!
Top of the 7th over - 1 run, 1 hit, 1 error, 0 left on base; Baltimore 2 - Santa Barbara 9
BOTTOM OF THE 7TH
Santa Barbara Golden Cranes batting - Pitching for Baltimore Black Sox : RHP Alberto Mendoza
Batting: RHB Gilbert Graham 0-0: Ball
1-0: Ball
2-0: Called Strike
2-1: Foul Ball, location: 2F
2-2: Ball
3-2: Base on Balls
Batting: RHB Gerardo Vázquez 0-0: Called Strike
0-1: Called Strike
0-2: Foul Ball, location: 2F
0-2: Ball
1-2: Grounds into double play, 2-6-3 (Groundball, 2R)
Batting: RHB Logan Manning 0-0: Fly out, F9 (Flyball, 9S)
Bottom of the 7th over - 0 runs, 0 hits, 0 errors, 0 left on base; Baltimore 2 - Santa Barbara 9
TOP OF THE 8TH
Baltimore Black Sox batting - Pitching for Santa Barbara Golden Cranes : RHP Doug Green
Now at C: Adrian Rodgers
Now at 1B: Jorge López
Now in RF: Christian Turner
Batting: RHB Lee Storment 0-0: Called Strike
0-1: Foul Ball, location: 2F
0-2: Fly out, F9 (Flyball, 9LM)
Batting: RHB Daniel Bertrand 0-0: Swinging Strike
0-1: Swinging Strike
0-2: Ball
1-2: Strikes out swinging
Batting: RHB Armando Alvarado 0-0: Called Strike
0-1: Foul Ball, location: 2F
0-2: Fly out, F9 (Flyball, 9)
Top of the 8th over - 0 runs, 0 hits, 0 errors, 0 left on base; Baltimore 2 - Santa Barbara 9
BOTTOM OF THE 8TH
Santa Barbara Golden Cranes batting - Pitching for Baltimore Black Sox : RHP Alberto Mendoza
Batting: RHB Rocky Zolman 0-0: Foul Ball, location: 2F
0-1: Ball
1-1: Ball
2-1: Called Strike
2-2: Strikes out swinging
Batting: RHB Freedon Akinmoladun 0-0: Called Strike
0-1: Fly out, F9 (Flyball, 9LM)
Batting: LHB Tom Haymon 0-0: Foul Ball, location: 2F
0-1: Ball
1-1: Ball
2-1: Swinging Strike
2-2: Ball
3-2: Foul Ball, location: 2F
3-2: Base on Balls
Batting: LHB Su-wu Xiao 0-0: Swinging Strike
0-1: Ball
1-1: Foul Ball, location: 2F
1-2: Foul Ball, location: 2F
1-2: Ground out 4-3 (Groundball, 4D)
Bottom of the 8th over - 0 runs, 0 hits, 0 errors, 1 left on base; Baltimore 2 - Santa Barbara 9
TOP OF THE 9TH
Baltimore Black Sox batting - Pitching for Santa Barbara Golden Cranes : RHP Doug Green
Batting: RHB Jeb Sexton 0-0: Swinging Strike
0-1: Ball
1-1: Foul Ball, location: 2F
1-2: Fly out, F7 (Flyball, 7LD)
Batting: LHB Marcos Costa 0-0: Ball
1-0: Swinging Strike
1-1: Ground out 4-3 (Groundball, 4)
Batting: SHB Alex Mable 0-0: Swinging Strike
0-1: Ball
1-1: Ball
2-1: Foul Ball, location: 2F
2-2: SINGLE (Groundball, 4MD)
Batting: LHB Tomás Valenzuela 0-0: Ball
1-0: Fly out, F9 (Flyball, 9S)
Top of the 9th over - 0 runs, 1 hit, 0 errors, 1 left on base; Baltimore 2 - Santa Barbara 9
Friday, March 29th, 2019 - OOTP Baseball 18.8 Build 76